 Dungeon Crawl Stone Soup version 0.24-a0-201-gf205589 (webtiles) character file.

Game seed: 9979724970442912400

2175 Azzok the Insei (level 9, -11/53 HPs)
             Began as an Octopode Transmuter on Mar 21, 2019.
             Was a Priest of Okawaru.
             Mangled by Pikel
             ... wielding a +1 whip of electrocution
              (14 damage)
             ... on level 8 of the Dungeon.
             The game lasted 00:16:41 (10631 turns).

Azzok the Insei (Octopode Transmuter)              Turns: 10631, Time: 00:16:41

Health: -11/53     AC:  2    Str: 10    XL:     9   Next: 32%
Magic:  6/14       EV: 19    Int: 18    God:    Okawaru [***...]
Gold:   425        SH:  0    Dex: 17    Spells: 6/12 levels left

rFire    + + .     SeeInvis .     - Unarmed
rCold    x . .     Gourm    .   (shield currently unavailable)
rNeg     + . .     Faith    .   (helmet currently unavailable)
rPois    x         Spirit   .   (no amulet)
rElec    .         Reflect  .   l - ring of positive energy
rCorr    .         Harm     .   F - ring of protection from fire
MR       .....                  H - ring of fire
Stlth    ++........             (no ring)
HPRegen  0.17/turn              (no ring)
MPRegen  0.14/turn              (no ring)
                                (no ring)
                                (no ring)

@: spider-form
A: tiny, almost no armour, stealthy swim, (amphibious), 8 rings, (constrict 8)
a: End Transformation, Heroism, Renounce Religion


You were on level 8 of the Dungeon.
You worshipped Okawaru.
Okawaru was most pleased with you.
You were very hungry.
You were a venomous arachnid creature.
You visited 1 branch of the dungeon, and saw 8 of its levels.

You collected 425 gold pieces.

Inventory:

Hand Weapons
 A - a +1 dagger of electrocution (melded)
Missiles
 a - 137 arrows
Magical Staves
 B - an uncursed staff of power
Jewellery
 l - a ring of positive energy (left front leg)
 F - a ring of protection from fire (right front leg)
 H - a ring of fire (on tentacle)
Wands
 w - a wand of flame (20)
 C - a wand of scattershot (7)
Scrolls
 b - a scroll of immolation
 d - 8 scrolls of teleportation
 e - a scroll of enchant weapon
 j - a scroll of blinking {unknown}
 m - 6 scrolls of remove curse
 p - a scroll of fog {unknown}
 s - 2 scrolls of fear {unknown}
 x - a scroll of amnesia {unknown}
 y - a scroll of random uselessness {unknown}
 D - a scroll of enchant armour {unknown}
 E - a scroll of identify
Potions
 f - 2 potions of agility
 g - 2 potions of invisibility {unknown}
 h - a potion of degeneration {unknown}
 i - 2 potions of ambrosia
 k - 2 potions of heal wounds {unknown}
 n - a potion of resistance {unknown}
 o - 2 potions of haste {unknown}
 q - 2 potions of flight {unknown}
 r - a potion of brilliance {unknown}
 t - 2 potions of curing
 u - a potion of mutation {unknown}
 v - a potion of might {unknown}
 z - 2 potions of cancellation {unknown}
Comestibles
 c - 11 rations


   Skills:
 - Level 1.0 Fighting
 - Level 2.0 Dodging
 + Level 7.7 Unarmed Combat
 - Level 2.0 Spellcasting
 + Level 7.4 Transmutations
 + Level 7.2 Invocations


You had 6 spell levels left.
You knew the following spells:

 Your Spells              Type           Power        Failure   Level  Hunger
a - Spider Form           Tmut/Pois      ###.......   28%         3    ###....
b - Sticks to Snakes      Tmut           ####....     6%          2    ###....
c - Beastly Appendage     Tmut           ####..       4%          1    #......

Your spell library contained the following spells:

 Spells                   Type           Power        Failure   Level  Hunger
 Apportation              Tloc           #.....       38%         1    #......
 Summon Butterflies       Summ           #.......     38%         1    #......
 Blade Hands              Tmut           ####......   45%         5    ######.
 Ice Form                 Ice/Tmut       ###.....     58%         4    #####..
 Lesser Beckoning         Tloc           #.........   69%         3    ###....
 Tukima's Dance           Hex            #.......     69%         3    ###....
 Alistair's Intoxication  Tmut/Pois      ###.....     88%         5    ######.
 Invisibility             Hex            #.......     100%        6    #######


Dungeon Overview and Level Annotations

Branches:
Dungeon (8/15)             Temple (0/1) D:5
   Lair: D:8-11

Altars:
Dithmenos
Fedhas
Okawaru
Qazlal
Uskayaw

Shops:
D:4 }(

Annotations:
D:8 Pikel


Innate Abilities, Weirdness & Mutations

You cannot wear most types of armour.
You are very stealthy in the water. (Stealth+)
((You are amphibious.))
You can wear up to eight rings at the same time.
((You can use your tentacles to constrict eight enemies at once.))
((Your skin changes colour to match your surroundings (Stealth+).))
((Your rubbery body absorbs attacks. (AC +1, EV +1)))


Message History

Your adder bites the slave.
The slave looks as sick as possible!
Your adder poisons the slave!
The slave closely misses you.
You barely miss Pikel.
Pikel is moderately wounded.
The slave misses you.
Your adder bites the slave.
Your water moccasin bites Pikel.
Pikel hits you with a +1 whip of electrocution.
You are electrocuted!!
* * * LOW HITPOINT WARNING * * *
Your adder barely misses the slave.
The slave closely misses you.
You bite Pikel!
Pikel looks as sick as possible!
Pikel is heavily wounded.
Your water moccasin bites Pikel!
Pikel looks as sick as possible!
Your water moccasin poisons Pikel!
The slave hits you.
* * * LOW HITPOINT WARNING * * *
Your adder closely misses the slave. x2; The slave completely misses you.
Pikel hits you with a +1 whip of electrocution.
* * * LOW HITPOINT WARNING * * *
You are electrocuted!
You die...

▒·········
▒·········
▒·········
▒···?····
▒······▒
▒······▒
▒pKpS··▒
▒psSS··╬
▒······▒
▒······▒
▒······▒
▒·········
▒·(···▒▒··
▒··%··▒ ·
▒·····▒
▒·····▒


You could see Pikel, 3 slaves, a friendly water moccasin and 2 friendly adders.

Vanquished Creatures
  Sigmund (D:6)
  A water moccasin (D:5)
  An orc warrior (D:6)
  Purgy (D:4)
  An ice beast (D:6)
  2 phantoms (D:7)
  A sky beast (D:7)
  3 centaurs
  2 bullfrogs (D:6)
  6 killer bees (D:3)
  A crimson imp (D:5)
  A quasit (D:2)
  An orc wizard (D:6)
  3 hounds
  A jelly (D:5)
  3 orc priests
  Terence (D:2)
  4 iguanas
  2 worker ants
  4 gnolls (D:5)
  9 adders
  A shadow imp (D:5)
  2 worms (D:3)
  A dart slug (D:3)
  5 leopard geckos
  22 orcs
  3 ball pythons
  5 giant cockroaches
  7 goblins
  9 hobgoblins
  6 jackals
  9 bats
  5 frilled lizards
  A jackal skeleton (D:7)
  9 kobolds
  A leopard gecko skeleton (D:5)
  A quokka skeleton (D:6)
  13 rats
149 creatures vanquished.

Vanquished Creatures (collateral kills)
  A slave (D:8)
1 creature vanquished.

Grand Total: 150 creatures vanquished

Notes
Turn   | Place    | Note
-------+----------+-------------------------------------------
     0 | D:1      | Azzok the Octopode Transmuter began the quest for the Orb.
     0 | D:1      | Reached XP level 1. HP: 13/13 MP: 3/3
   198 | D:1      | Reached XP level 2. HP: 16/18 MP: 3/5
   894 | D:2      | Reached XP level 3. HP: 23/23 MP: 4/6
  1178 | D:2      | Found an iron altar of Okawaru.
  1220 | D:2      | Became a worshipper of Warmaster Okawaru
  1471 | D:2      | Reached XP level 4. HP: 18/28 MP: 4/7
  1708 | D:2      | Reached skill level 1 in Invocations
  2118 | D:2      | Noticed Terence
  2127 | D:2      | Killed Terence
  2335 | D:2      | Learned a level 2 spell: Sticks to Snakes
  2541 | D:3      | Learned a level 3 spell: Spider Form
  2568 | D:2      | Reached XP level 5. HP: 5/33 MP: 3/8
  3133 | D:3      | Found a hide-covered altar of Uskayaw.
  3823 | D:4      | Noticed Purgy
  3892 | D:4      | Noticed a centaur
  3902 | D:4      | Killed a centaur
  3902 | D:4      | Reached * piety under Okawaru
  3902 | D:4      | Reached XP level 6. HP: 20/38 MP: 0/9
  4410 | D:4      | Killed Purgy
  4410 | D:4      | Reached skill level 5 in Unarmed Combat
  4551 | D:4      | Found Galaudoq's Gadget Shop.
  4798 | D:4      | Found Nog Zadd's Weapon Emporium.
  5019 | D:5      | Entered Level 5 of the Dungeon
  5057 | D:5      | Reached XP level 7. HP: 37/43 MP: 7/10
  5790 | D:5      | Reached skill level 5 in Transmutations
  6493 | D:5      | Found a staircase to the Ecumenical Temple.
  6832 | D:6      | Reached ** piety under Okawaru
  6832 | D:6      | Reached XP level 8. HP: 20/48 MP: 8/11
  6939 | D:6      | Reached skill level 5 in Invocations
  7796 | D:6      | Noticed Sigmund
  8510 | D:6      | Killed Sigmund
  8867 | D:7      | Reached *** piety under Okawaru
  8867 | D:7      | Reached XP level 9. HP: 53/53 MP: 13/13
  8926 | D:7      | Found a blossoming altar of Fedhas.
  8963 | D:7      | Found a stormy altar of Qazlal.
  9245 | D:7      | Found a shadowy altar of Dithmenos.
 10616 | D:8      | Noticed Pikel
 10631 | D:8      | Mangled by Pikel

Levels and vault maps discovered:
D:1:      mrwooster_arrival_arrow, layout_rooms
D:2:      layout_basic, overflow_temple_1_default, first_ration, serial_curves,
          eino_curves_03, eino_curves_02, uniq_terence
D:3:      layout_basic, eat_drink_and_be_merry_uskayaw, serial_bayou_ford_a
D:4:      layout_gridville, serial_glass, glass_columns_a, glass_columns_c,
          serial_shops, shop, kennysheep_little_box, uniq_purgy
D:5:      layout_loops_corners, minmay_temple_entry_nine_rooms
D:6:      layout_cave_pools, uniq_sigmund
D:7:      layout_basic, nicolae_qazlal_style_of_elements,
          grunt_dithmenos_shadows, fedhas_altar_3
D:8:      layout_gridville, nicolae_overflow_crystal_walls, lemuel_doored_altar,
          nicolae_gozag_cash_rules_everything_around_me, enter_ossuary_3,
          uniq_pikel

Skill      XL: |  1  2  3  4  5  6  7  8  9 |
---------------+----------------------------+-----
Transmutations | 3 4 5 6 7 |  7.4
Unarmed Combat | 4 5 6 7 |  7.7
Invocations    | 1 2 3 4 6 7 |  7.2
Fighting       | |  1.0
Dodging        | |  2.0
Spellcasting   | |  2.0

Action                   |  1- 3 |  4- 6 |  7- 9 || total
-------------------------+-------+-------+-------++-------
Melee: Unarmed           |    83 |   152 |   202 ||   437
       Constrict         |    25 |    15 |     6 ||    46
       Tentacles         |    14 |    10 |     3 ||    27
       Kick              |    10 |     2 |       ||    12
       Punch             |     3 |     2 |     4 ||     9
       Dagger            |       |       |    14 ||    14
 Cast: Beastly Appendage |     8 |     5 |       ||    13
       Spider Form       |       |    14 |    32 ||    46
       Sticks to Snakes  |       |     3 |     3 ||     6
  Use: Scroll            |       |     6 |     4 ||    10
       Potion            |       |       |     1 ||     1
 Stab: Sleeping          |     6 |     7 |     3 ||    16
  Eat: Chunk             |     2 |    13 |    12 ||    27
       Ration            |       |       |     3 ||     3
Armor: Skin              |     5 |    14 |    15 ||    34
Dodge: Dodged            |    56 |   143 |   166 ||   365

Table legend:
 A = Non-vault XP
 B = Vault XP
 C = Vault XP percentage of total XP
 D = Non-vault monster count
 E = Vault monster count
 F = Vault count percentage of total count
                 A         B        C        D         E       F
            +---------+---------+-------+---------+---------+-------
      Total |    2586 |     522 |  16.8 |     145 |       4 |   2.7
            +---------+---------+-------+---------+---------+-------
        D:1 |      47 |       0 |   0.0 |      26 |       0 |   0.0
        D:2 |     103 |      36 |  25.9 |      22 |       1 |   4.3
        D:3 |     436 |       0 |   0.0 |      31 |       0 |   0.0
        D:4 |     195 |     132 |  40.4 |      15 |       1 |   6.2
        D:5 |     499 |       0 |   0.0 |      22 |       0 |   0.0
        D:6 |     901 |     227 |  20.1 |      24 |       1 |   4.0
        D:7 |     405 |     127 |  23.9 |       5 |       1 |  16.7
            +---------+---------+-------+---------+---------+-------
